 Dungeon Crawl Stone Soup version 0.19.5 (webtiles) character file.

369 galech the Chopper (level 6, -2/56 HPs)
             Began as a Deep Dwarf Fighter on Mar 17, 2017.
             Was an Initiate of Makhleb.
             Slain by an ogre
             ... wielding a +0 giant spiked club
              (29 damage)
             ... on level 4 of the Dungeon.
             The game lasted 00:03:22 (1210 turns).

galech the Chopper (Deep Dwarf Fighter)             Turns: 1210, Time: 00:03:23

Health: -2/56      AC:  7    Str: 21    XL:     6   Next: 41%
Magic:  6/6        EV:  8    Int:  9    God:    Makhleb [......]
Gold:   138        SH:  9    Dex: 12    Spells: 0 memorised, 5 levels left

rFire  . . .     SeeInvis .     a - +0 war axe
rCold  . . .     Gourm    .     b - +0 scale mail
rNeg   . . .     Faith    .     c - +0 shield
rPois  .         Spirit   .     (no helmet)
rElec  .         Reflect  .     (no cloak)
rCorr  .         Harm     .     (no gloves)
MR     .....                    (no boots)
Stlth  ..........               (no amulet)
                                (no ring)
                                (no ring)

@: non-regenerating
A: damage resistance, recharge devices, sense surroundings 1, slow regeneration
3
a: Device Recharging, Renounce Religion


You were on level 4 of the Dungeon.
You worshipped Makhleb.
Makhleb was noncommittal.
You were not hungry.

You visited 2 branches of the dungeon, and saw 4 of its levels.

You collected 138 gold pieces.

Inventory:

Hand Weapons
 a - a +0 war axe (weapon)
Armour
 b - a +0 scale mail (worn)
 c - a +0 shield (worn)
 m - a +0 leather armour of poison resistance
Jewellery
 u - an uncursed ring of magical power {unknown}
Wands
 e - a wand of heal wounds (1/9)
Scrolls
 g - 2 scrolls of teleportation {unknown}
 i - a scroll of recharging {unknown}
 j - a scroll of magic mapping {unknown}
 l - 2 scrolls of blinking {unknown}
 o - 2 scrolls of identify {unknown}
 p - a scroll of random uselessness {unknown}
 r - 2 scrolls of remove curse {unknown}
Potions
 d - a potion of might
 k - 3 potions of degeneration {unknown}
 n - a potion of cancellation {unknown}
 q - 3 potions of curing {unknown}
 s - a potion of agility {unknown}
Books
 t - a book of Air

   Spells                             Type                      Level
   a - Shock                          Conjuration/Air              1
   b - Swiftness                      Charms/Air                   2
   c - Repel Missiles                 Charms/Air                   2
   d - Static Discharge               Conjuration/Air              3
   e - Lightning Bolt                 Conjuration/Air              5
Comestibles
 f - 3 bread rations


   Skills:
 + Level 3.2 Fighting
 + Level 5.1 Axes
 + Level 4.7 Armour
 + Level 2.0 Dodging
 + Level 4.2 Shields
 + Level 0.6 Evocations


You had 5 spell levels left.
You didn't know any spells.

Dungeon Overview and Level Annotations

Branches:
Dungeon (4/15)             Temple (1/1) D:4

Altars:
Ashenzari
Cheibriados
Fedhas
Gozag
Kikubaaqudgha
Makhleb
Nemelex Xobeh
Okawaru
Qazlal
Ru
Uskayaw
Vehumet
The Shining One

Shops:
D:4 %


Innate Abilities, Weirdness & Mutations

You are resistant to damage.
You can recharge devices by infusing magical energy.
You passively map a small area around you.
You do not regenerate.


Message History

You block the ogre's attack. The ogre barely misses you.
You hit the ogre but do no damage.
The ogre is heavily wounded.
You hit the ogre.
The ogre is severely wounded.
The ogre hits you with a giant spiked club!!
* * * LOW HITPOINT WARNING * * *
You are too injured to fight recklessly!
You are too injured to fight recklessly!
You are too injured to fight recklessly!
You are too injured to fight recklessly!
You are too injured to fight recklessly!
You are too injured to fight recklessly!
You are too injured to fight recklessly!
Zapping:
e - a wand of heal wounds (2/9)
Press: ? - help, Shift-Dir - straight line, f - you You feel much better.
This wand has 1 charge left.
The ogre hits you with a giant spiked club!!
Ouch! That really hurt!
You die...

#.*#.........## #. #.
####......... ..
######.###..........####
........##..........#
........##............
........##............
....................
............).......
*,.......@##...[...... ,
......O.##.........
........######...# ,
........# #+## ........#
, ######### , , , *


You could see an ogre.

Vanquished Creatures
  Sigmund (D:2)
  A howler monkey (D:4)
  A jelly (D:4)
  A hound (D:4)
  A bullfrog skeleton (D:4)
  Jessica (D:2)
  A worker ant (D:4)
  A dart slug (D:1)
  2 leopard geckos (D:1)
  2 giant cockroaches
  5 goblins
  6 hobgoblins
  2 quokkas (D:2)
  4 bats
  3 frilled lizards
  3 kobolds (D:1)
  5 rats
40 creatures vanquished.

Notes
Turn   | Place    | Note
-------+----------+-------------------------------------------
     0 | D:1      | galech the Deep Dwarf Fighter began the quest for the Orb.
     0 | D:1      | Reached XP level 1. HP: 20/20 MP: 1/1
   170 | D:1      | Reached XP level 2. HP: 20/27 MP: 2/2
   506 | D:1      | Reached skill level 1 in Dodging
   710 | D:2      | Reached XP level 3. HP: 12/33 MP: 3/3
   827 | D:2      | Noticed Sigmund
   850 | D:2      | Killed Sigmund
   850 | D:2      | Reached skill level 4 in Axes
   850 | D:2      | Reached XP level 4. HP: 21/42 MP: 4/4
   850 | D:2      | Reached XP level 5. HP: 24/49 MP: 5/5
   867 | D:2      | Noticed Jessica
   873 | D:2      | Killed Jessica
   883 | D:2      | You fall through a shaft for 2 floors!
   901 | D:4      | Found Mutip's Food Shoppe.
   923 | D:4      | Reached XP level 6. HP: 55/56 MP: 6/6
  1041 | D:4      | Found a staircase to the Ecumenical Temple.
  1048 | Temple   | Entered the Ecumenical Temple
  1106 | Temple   | Became a worshipper of Makhleb the Destroyer
  1149 | D:4      | Reached skill level 5 in Axes
  1210 | D:4      | Slain by an ogre

Skill      XL: |  1  2  3  4  5  6 |
---------------+-------------------+-----
Dodging        | 1 2 |  2.0
Fighting       | 3 |  3.2
Axes           | 4 5 |  5.1
Armour         | 4 |  4.7
Shields        | 4 |  4.2
Evocations     | |  0.6

Action                   |  1- 3 |  4- 6 || total
-------------------------+-------+-------++-------
Melee: War axe           |   111 |    39 ||   150
Evoke: Wand              |     1 |     3 ||     4
  Use: Potion            |     1 |       ||     1
  Eat: Chunk             |       |     1 ||     1
Armor: Scale mail        |    45 |     7 ||    52
Dodge: Dodged            |    24 |     9 ||    33
Block: Shield            |    50 |    18 ||    68
